 Dungeon Crawl Stone Soup version 0.27-a0-538-g15ff5c5295 (webtiles) character file.

Game seed: 2370017052118425534

226 shoop the Skirmisher (level 6, 0/66 HPs)
             Began as an Ogre Hunter on Mar 6, 2021.
             Slain by a worker ant (5 damage)
             ... on level 4 of the Dungeon.
             The game lasted 00:05:25 (4437 turns).

shoop the Skirmisher (Ogre Hunter)                  Turns: 4437, Time: 00:05:25

Health: 0/66       AC:  3    Str: 19    XL:     6   Next: 1%
Magic:  6/6        EV:  9    Int: 12    God:
Gold:   176        SH:  0    Dex:  9    Spells: 5/5 levels left

rFire    . . .     SeeInvis .   f - +0 spear
rCold    . . .     Faith    .   (no shield)
rNeg     . . .     Spirit   .   b - +0 robe
rPois    .         Reflect  .   (helmet restricted)
rElec    .         Harm     .   (no cloak)
rCorr    .         Rampage  .   (gloves unavailable)
Will     .....                  (boots unavailable)
Stlth    +.........             (no amulet)
HPRegen  0.21/turn              (no ring)
MPRegen  0.10/turn              (no ring)

@: no status effects
A: large, unfitting armour, tough skin 1
a: no special abilities


You were on level 4 of the Dungeon.
You visited 1 branch of the dungeon, and saw 4 of its levels.

You collected 176 gold pieces.

Inventory:

Hand Weapons
 a - a +0 short sword
 f - a +0 spear (weapon)
Missiles
 c - 5 large rocks
 d - a throwing net (quivered)
 i - 7 boomerangs
 q - 2 datura-tipped darts
Armour
 b - a +0 robe (worn)
Scrolls
 e - 3 scrolls of amnesia {unknown}
 g - a scroll of enchant weapon {unknown}
 h - 2 scrolls of enchant armour {unknown}
 j - 2 scrolls of identify {unknown}
 k - 2 scrolls of immolation {unknown}
 n - a scroll of magic mapping {unknown}
 o - 2 scrolls of teleportation {unknown}
Potions
 l - a potion of might {unknown}
 m - a potion of invisibility {unknown}
 p - 2 potions of degeneration {unknown}


   Skills:
 + Level 5.2 Fighting
 * Level 3.9 Maces & Flails
 - Level 4.0 Throwing
 - Level 1.7 Dodging
 - Level 0.6 Stealth


You had 5 spell levels left.
You didn't know any spells.
Your spell library was empty.

Dungeon Overview and Level Annotations

Branches:
Dungeon (4/15)
 Temple: D:4-7

Altars:
Dithmenos
Ru


Innate Abilities, Weirdness & Mutations

You are too large for most types of armour.
You have tough skin. (AC +1)


Message History

You hit the centaur skeleton.
The centaur skeleton is heavily damaged.
The centaur skeleton hits you.
You hit the centaur skeleton but do no damage.
The centaur skeleton is heavily damaged.
The centaur skeleton hits you!
* * * LOW HITPOINT WARNING * * *
The centaur skeleton closely misses you.
You hit the centaur skeleton.
The centaur skeleton is heavily damaged.
The centaur skeleton closely misses you.
You hit the centaur skeleton.
The centaur skeleton is severely damaged.
The centaur skeleton hits you.
* * * LOW HITPOINT WARNING * * *
The centaur skeleton hits you but does no damage.
You hit the centaur skeleton.
The centaur skeleton is severely damaged.
The centaur skeleton hits you.
* * * LOW HITPOINT WARNING * * *
You hit the centaur skeleton.
The centaur skeleton is almost destroyed.
The centaur skeleton hits you.
* * * LOW HITPOINT WARNING * * *
You hit the centaur skeleton.
You destroy the centaur skeleton!
You have reached level 6!
Your experience leads to an increase in your attributes!
Increase (S)trength, (I)ntelligence, or (D)exterity?
You feel stronger. x2
You start resting.
A worker ant comes into view.
The worker ant bites you.
* * * LOW HITPOINT WARNING * * *
You hit the worker ant but do no damage.
The worker ant bites you but does no damage.
You hit the worker ant but do no damage.
The worker ant bites you but does no damage.
You barely miss the worker ant. The worker ant bites you.
You die...

##### ###..........
#.......##...
#..........#
#.......####
#############...###
#........).##....#
#.########.###.#.##
#.# #.###.#..####
#.# #.@B........#
#.# #.####.####.#
#.# ##.##.....##.#
#.# #..#.......#.# #
#.# #..#.......#.# #
######.#
#......_.....#####.#
.......#
#..#.......#......[#
########
#..#.......#........
#..##.....##..######


You could see a worker ant.

Vanquished Creatures
  A scorpion (D:4)
  A centaur skeleton (D:4)
  2 orc wizards (D:4)
  2 adders
  An adder skeleton (D:3)
  3 worms
  2 dart slugs
  3 leopard geckos
  3 orcs
  3 giant cockroaches
  3 goblins
  4 hobgoblins
  6 jackals
  2 quokkas
  12 bats
  4 frilled lizards
  11 kobolds
  8 rats
71 creatures vanquished.

Notes
Turn   | Place    | Note
-------+----------+-------------------------------------------
     0 | D:1      | shoop the Ogre Hunter began the quest for the Orb.
     0 | D:1      | Reached XP level 1. HP: 22/22 MP: 1/1
   122 | D:1      | Reached skill level 3 in Fighting
   498 | D:1      | Reached XP level 2. HP: 20/31 MP: 2/2
  1321 | D:2      | Reached skill level 1 in Maces & Flails
  1730 | D:2      | Reached XP level 3. HP: 37/37 MP: 3/3
  2287 | D:3      | Found a shadowy altar of Dithmenos.
  2309 | D:3      | Reached skill level 4 in Fighting
  2625 | D:3      | Reached XP level 4. HP: 46/48 MP: 4/4
  3837 | D:4      | Found a sacrificial altar of Ru.
  3904 | D:4      | Reached XP level 5. HP: 42/55 MP: 5/5
  4093 | D:4      | Reached skill level 5 in Fighting
  4404 | D:4      | Reached XP level 6. HP: 4/66 MP: 6/6
  4437 | D:4      | Slain by a worker ant

Illustrated notes

Levels and vault maps discovered:
D:1:      kennysheep_arrival_seaside, layout_loops_ring
D:2:      layout_basic
D:3:      layout_loops_corners, grunt_dithmenos_smoke_and_mirrors
D:4:      layout_loops_ring, old_standard_altar, lightli_temple_of_fire,
          chequers_temple_overflow_statue_of_worship

Skill      XL: |  1  2  3  4  5 |
---------------+----------------+-----
Fighting       | 3 4 5 |  5.2
Maces & Flails | 1 2 3 |  3.9
Throwing       | |  4.0
Dodging        | |  1.7
Stealth        | |  0.6

Action                   |  1- 3 |  4- 6 || total
-------------------------+-------+-------++-------
Melee: Spear             |   178 |   157 ||   335
       Short sword       |    15 |       ||    15
Throw: Boomerang         |       |     4 ||     4
       Throwing net      |       |     1 ||     1
 Stab: Sleeping          |     3 |     1 ||     4
       Distracted        |       |     1 ||     1
Armor: Robe              |    58 |    31 ||    89
Dodge: Dodged            |    75 |    41 ||   116

Table legend: (Time is in decaauts)
 A = Elapsed time spent in this place.
 B = Non-inter-level travel time spent in this place.
 C = Inter-level travel time spent in this place.
 D = Time resting spent in this place.
 E = Time spent auto-exploring this place.
 F = Levels seen in this place.
 G = Mean time per level.
                   A        B        C        D        E       F      G
               +--------+--------+--------+--------+--------+-----+--------+
         Total |   4474 |   4306 |    168 |    909 |   2698 |   4 | 1118.5 |
       Dungeon |   4474 |   4306 |    168 |    909 |   2698 |   4 | 1118.5 |
               +--------+--------+--------+--------+--------+-----+--------+

Top non-repeatable levels by time:
     D:3: 1536 daAuts
     D:1: 1177 daAuts
     D:2: 1049 daAuts
     D:4: 711 daAuts
